 Dungeon Crawl Stone Soup version 0.26.0-45-g9c1d065592 (webtiles) character file.

Game seed: 14439618748560455512

1551 Gauvater the Chopper (level 8, -1/71 HPs)
             Began as a Palentonga Fighter on Jan 28, 2021.
             Was an Initiate of Wu Jian.
             Slain by an iguana (4 damage)
             ... on level 6 of the Dungeon.
             The game lasted 00:31:15 (6280 turns).

Gauvater the Chopper (Palentonga Fighter)           Turns: 6280, Time: 00:31:15

Health: -1/71      AC: 16    Str: 25 (28) XL:     8   Next: 57%
Magic:  8/8        EV:  5    Int:  7 (9)  God:    Wu Jian [......]
Gold:   287        SH: 10    Dex:  8 (9)  Spells: 7/7 levels left

rFire    . . .     SeeInvis +   a - +1 war axe
rCold    + . .     Faith    .   c - +0 kite shield
rNeg     . . .     Spirit   .   w - +0 chain mail {rC+}
rPois    .         Reflect  .   (no helmet)
rElec    .         Harm     .   o - scarf {+Inv}
rCorr    .         Rampage  .   I - +0 pair of gloves
Will     .....     Rnd*Tele +   (no barding)
Stlth    ..........             y - amulet of the acrobat
HPRegen  0.21/turn              l - +6 ring of strength
MPRegen  0.11/turn              x - ring of teleportation (curse)

@: attractive, flying, curled up
A: large, rugged brown scales 3, see invisible, deformed body, roll 1, armoured
tail, reflexive curl
a: Rolling Charge, Renounce Religion, Evoke Invisibility


You were on level 6 of the Dungeon.
You worshipped Wu Jian.
Wu Jian was noncommittal.
You visited 2 branches of the dungeon, and saw 7 of its levels.

You collected 287 gold pieces.

Inventory:

Hand Weapons
 a - a +1 war axe (weapon)
Missiles
 f - 126 stones
 h - 126 arrows
 i - 16 poisoned darts
 r - 94 bolts
 t - 4 boomerangs of dispersal
 F - 4 throwing nets
Armour
 b - a +0 scale mail
 c - a +0 kite shield (worn)
 o - a scarf of invisibility (worn)
 s - a +0 cloak
 w - a +0 chain mail of cold resistance (worn)
 I - a +0 pair of gloves (worn)
Jewellery
 j - an uncursed ring of willpower
 l - a +6 ring of strength (left hand)
 m - an uncursed amulet of magic regeneration
 x - a cursed ring of teleportation (right hand)
 y - an amulet of the acrobat (around neck)
 A - a cursed ring of attention {unknown}
Wands
 H - a wand of disintegration (6)
Scrolls
 e - 2 scrolls of immolation
 g - a scroll of blinking
 p - 3 scrolls of enchant armour
 q - 2 scrolls of fear
 u - a scroll of random uselessness
 C - 2 scrolls of identify
 G - a scroll of teleportation
Potions
 d - a potion of might
 k - a potion of degeneration
 n - a potion of flight
 z - a potion of curing {unknown}
 B - a potion of resistance {unknown}
 D - a potion of brilliance {unknown}
 E - a potion of heal wounds {unknown}


   Skills:
 + Level 4.7 Fighting
 + Level 7.3 Axes
 + Level 1.0 Throwing
 + Level 4.8 Armour
 + Level 1.2 Dodging
 + Level 0.1 Stealth
 + Level 4.4 Shields


You had 7 spell levels left.
You didn't know any spells.
Your spell library contained the following spells:

 Spells                   Type           Power        Failure   Level
 Beastly Appendage        Tmut           0%           100%        1
 Wereblood                Tmut           0%           100%        2
 Spider Form              Tmut/Pois      0%           100%        3
 Ice Form                 Ice/Tmut       0%           100%        4
 Blade Hands              Tmut           0%           100%        5


Dungeon Overview and Level Annotations

Branches:
Dungeon (6/15)             Temple (1/1) D:4

Altars:
Cheibriados
Dithmenos
Elyvilon
Fedhas
Hepliaklqana
Kikubaaqudgha
Nemelex Xobeh
Okawaru
Uskayaw
Vehumet
Wu Jian
Yredelemnul
The Shining One

Shops:
D:6 (

Annotations:
D:3 2 transporters, Zaque's ghost, amateur DDFi


Innate Abilities, Weirdness & Mutations

You are completely covered in rugged brown scales. (AC +3, +7% HP)
You have supernaturally acute eyesight. (SInv)
Armour fits poorly on your strangely shaped body.
You can roll at nearby foes to attack.
You have a long armoured tail.
You curl defensively after being hit.


Message History

The killer bee zombie hits you.
* * * LOW HITPOINT WARNING * * *
The orc wizard hits you but does no damage.
The iguana bites you but does no damage.
The orc wizard hits you but does no damage.
The centaur hits you but does no damage.
You block the killer bee zombie's attack.
The orc hits you but does no damage.
It was a potion of flight.
You feel very buoyant.
You fly up into the air.
You block the centaur's attack. The iguana bites you.
* * * LOW HITPOINT WARNING * * *
The killer bee zombie hits you but does no damage.
You block the centaur's attack.
Okay, then.
It was a potion of attraction.
You feel attractive to monsters.
You block the killer bee zombie's attack.
The iguana bites you.
You die...

#. ##. #.##.#
....#....# #
#.$.#.#..# ..
#....#..### ...
#.......§§# ....
#......§c§##.....
#?.....§l@oo.....
#......§Zoo#.....
#..##.(§§§§# ...
#......# #
#.......#
..∩......#
########.## #$#
..## .# #


You could see a centaur, an iguana, 2 orc wizards, 2 orcs and a killer bee
zombie.

Vanquished Creatures
  Sigmund (D:5)
  A hornet zombie (D:5)
  A phantom (D:4)
  3 ogres
  2 centaurs
  A howler monkey (D:4)
  A centaur zombie (D:6)
  A bullfrog zombie (D:6)
  A hound (D:5)
  A jelly (D:5)
  4 orc priests
  4 orc wizards
  A bullfrog skeleton (D:6)
  2 worker ants (D:4)
  A hound zombie (D:5)
  2 hound skeletons
  A worker ant zombie (D:5)
  4 gnolls (D:5)
  A howler monkey skeleton (D:6)
  9 adders
  An ufetubus (D:5)
  A worm (D:2)
  3 dart slugs
  23 orcs
  12 bats
  5 giant cockroaches
  10 goblins
  9 hobgoblins
  9 jackals
  5 kobolds
  3 quokkas
  A ball python (D:2)
  6 frilled lizards
  A jackal skeleton (D:5)
  A leopard gecko zombie (D:6)
  10 rats
142 creatures vanquished.

Notes
Turn   | Place    | Note
-------+----------+-------------------------------------------
     0 | D:1      | Gauvater the Palentonga Fighter began the quest for the
                  | Orb.
     0 | D:1      | Reached XP level 1. HP: 20/20 MP: 1/1
   173 | D:1      | Reached XP level 2. HP: 21/27 MP: 2/2
  1213 | D:2      | Reached XP level 3. HP: 33/33 MP: 3/3
  1711 | D:2      | Noticed a centaur
  1714 | D:2      | Killed a centaur
  1715 | D:2      | Reached skill level 3 in Axes
  1715 | D:2      | Reached XP level 4. HP: 37/40 MP: 4/4
  1715 | D:2      | Reached XP level 5. HP: 44/48 MP: 5/5
  2280 | D:3      | Found a transporter.
  2281 | D:3      | Noticed Zaque's ghost (amateur DDFi)
  2282 | D:3      | Noticed a wyvern
  2805 | D:3      | Found a transporter.
  3147 | D:4      | Reached skill level 4 in Axes
  3147 | D:4      | Reached XP level 6. HP: 54/54 MP: 6/6
  3571 | D:5      | Entered Level 5 of the Dungeon
  3571 | D:5      | Noticed Sigmund
  4111 | D:4      | Gained mutation: You curl defensively after being hit.
                  | [Palentonga growth]
  4111 | D:4      | Reached XP level 7. HP: 62/62 MP: 7/7
  4133 | D:4      | Reached skill level 5 in Axes
  4524 | D:4      | Found a staircase to the Ecumenical Temple.
  4533 | Temple   | Entered the Ecumenical Temple
  4902 | D:5      | Reached skill level 1 in Dodging
  5324 | D:5      | Killed Sigmund
  5325 | D:5      | Reached skill level 6 in Axes
  5325 | D:5      | Reached XP level 8. HP: 61/71 MP: 8/8
  5683 | D:5      | Reached skill level 1 in Throwing
  5708 | D:5      | Found an ornate altar of the Wu Jian Council.
  5711 | D:5      | Became a worshipper of the Wu Jian Council
  5907 | D:5      | Found an ornate altar of the Wu Jian Council.
  6215 | D:6      | Reached skill level 7 in Axes
  6267 | D:6      | Found Jyemoh's Weapon Boutique.
  6279 | D:6      | HP: 3/71 [iguana (6)]
  6280 | D:6      | Slain by an iguana

Illustrated notes

Levels and vault maps discovered:
D:1:      kilobyte_arrival_exit_the_forest, layout_basic
D:2:      layout_basic, minivault_25
D:3:      layout_loops_corners, gammafunk_ghost_arena
D:4:      layout_basic, minmay_temple_entry_poolview
D:5:      corexii_shack_village, layout_cave_pools, marbit_many_paths,
          nicolae_ossuary_entry_monument, dk_noncrumbling_2,
          lemuel_statue_altar, uniq_sigmund
D:6:      layout_rooms, grunt_temple_overflow_order_and_chaos_1, serial_undead,
          serial_undead_e, serial_undead_b, serial_undead_e, serial_undead_c,
          serial_shops, shop, hex_medium
Temple:   hc_temple_tempest_star

Skill      XL: |  1  2  3  4  5  6  7  8 |
---------------+-------------------------+-----
Armour         | 3 4 |  4.8
Axes           | 3 4 6 7 |  7.3
Shields        | 3 4 |  4.4
Dodging        | 1 |  1.2
Fighting       | 4 |  4.7
Throwing       | 1 |  1.0
Stealth        | |  0.1

Action                   |  1- 3 |  4- 6 |  7- 9 || total
-------------------------+-------+-------+-------++-------
Melee: War axe           |   115 |   151 |   128 ||   394
       Tailslap          |     9 |    17 |    14 ||    40
Throw: Dart              |       |       |     3 ||     3
       Throwing net      |       |       |     3 ||     3
       Boomerang         |       |       |     2 ||     2
Invok: Lunge             |       |       |     3 ||     3
 Abil: Rolling Charge    |    14 |    21 |    16 ||    51
  Use: Scroll            |       |     8 |     2 ||    10
       Potion            |       |       |     4 ||     4
Armor: Scale mail        |   101 |     6 |       ||   107
       Chain mail        |       |    92 |    95 ||   187
Dodge: Dodged            |    43 |    66 |    41 ||   150
Block: Kite shield       |    78 |   113 |   104 ||   295
